Get step-by-step instructions on how to execute this build order below. Start the game timer, and the build order will tick by so you can play in parallel with StarCraft on a second screen or mobile device.

Game Time

  0:00

Last Step

  N/A

Next Step

Upcoming Step



Don't want to look back and forth between 2 screens? Try out our Overwolf App, the Spawning Tool Build Advisor to get an in-game overlay with this build!

Complete Build Order

  12  0:04  Probe  
  12  0:16  Probe  
  12  0:21  Pylon  
  12  0:28  Probe  
  12  0:41  Gateway, Probe  
  12  0:53  Probe  
  12  0:55  Assimilator  
  12  1:05  Probe